AoeStats
← ✪Lucho Jaraツ

Lombardia

508138531Analyzed
2v2 RM · 11d ago on Sep 21, 2026· 86m 5s· 4 players
Game mode
Random Map
Map size
Medium (4 player)
Population
200
Speed
Normal
Resources
Standard
Victory
Conquest
Starting age
Dark Age
Ending age
Imperial Age
RankedLock teamsTeams togetherTeam positionsShared explorationLock speedFull tech treeHidden civsTurbo modeCheats
Victory
Defeat
🇨🇱 Romans · Chile
1159
+13
🇨🇱 Poles · Chile
1084
+17
🇲🇽 Hindustanis · Mexico
1089
-15
🇲🇽 Burgundians · Mexico
1089
-15
Owen Waltz
5:11 Loom
11:11 Feudal Age
10:29 Double-Bit Axe
19:26 Castle Age
18:29 Bow Saw
19:36 Cavalier
25:51 Horse Collar
27:17 Wheelbarrow
27:31 Pikeman
30:25 Hand Cart
32:10 Forging
38:01 Imperial Age
36:06 Town Watch
40:49 Heavy Plow
40:57 Paladin
43:49 Chemistry
47:08 Light Cavalry
50:44 Conscription
51:34 Burgundian Vineyards
52:58 Caravan
54:31 Halberdier
55:12 Squires
65:08 Scale Barding Armor
65:39 Iron Casting
68:28 Hussar
76:13 Chain Barding Armor
77:33 Crop Rotation
79:22 Elite Skirmisher
82:39 Plate Barding Armor
85:40 Blast Furnace
AlexSk8
8:20 Loom
10:37 Feudal Age
12:08 Horse Collar
12:14 Double-Bit Axe
18:14 Castle Age
18:32 Bloodlines
25:56 Scale Barding Armor
27:50 Chain Barding Armor
30:17 Wheelbarrow
30:10 Town Watch
30:21 Light Cavalry
32:46 Hand Cart
35:54 Husbandry
39:13 Imperial Age
36:56 Masonry
36:58 Fortified Wall
37:47 Padded Archer Armor
37:59 Forging
40:55 Chemistry
40:27 Conscription
40:32 Leather Archer Armor
41:18 Shatagni
42:02 Ring Archer Armor
41:06 Heavy Camel Rider
43:04 Gold Mining
46:35 Plate Barding Armor
45:51 Fletching
47:56 Imperial Camel Rider
51:27 Bodkin Arrow
52:08 Iron Casting
53:14 Elite Ghulam
53:58 Grand Trunk Road
54:26 Hussar
56:30 Gold Shaft Mining
63:24 Hoardings
63:41 Caravan
64:38 Elite Skirmisher
66:47 Siege Elephant
67:58 Thumb Ring
✪Lucho Jaraツ
9:45 Feudal Age
8:23 Loom
11:21 Double-Bit Axe
16:43 Castle Age
15:57 Horse Collar
19:03 Bow Saw
19:17 Forging
20:54 Bloodlines
24:19 Fervor
24:49 Heavy Plow
25:17 Redemption
25:01 Gold Mining
26:17 Wheelbarrow
25:14 Pikeman
25:56 Squires
26:01 Scale Mail Armor
30:12 Hand Cart
30:50 Town Watch
34:52 Imperial Age
33:08 Stone Mining
34:16 Chain Mail Armor
34:36 Iron Casting
35:37 Halberdier
37:10 Gold Shaft Mining
37:10 Crop Rotation
38:15 Town Patrol
39:21 Blast Furnace
38:11 Fletching
40:29 Ballistics
41:09 Chemistry
40:20 Masonry
40:16 Siege Engineers
41:55 Conscription
45:58 Masonry
45:59 Fortified Wall
47:32 Heavy Scorpion
48:55 Bodkin Arrow
49:09 Ballistas
55:45 Architecture
58:32 Padded Archer Armor
60:15 Elite Skirmisher
62:43 Leather Archer Armor
73:12 Ring Archer Armor
78:44 Capped Ram
80:55 Siege Ram
82:21 Man-at-Arms
83:40 Long Swordsman
84:39 Legionary
Lala
7:26 Loom
11:46 Feudal Age
17:11 Castle Age
16:22 Double-Bit Axe
17:08 Forging
18:17 Bloodlines
19:20 Light Cavalry
20:40 Wheelbarrow
24:16 Scale Barding Armor
25:08 Iron Casting
26:35 Horse Collar
29:06 Hand Cart
28:39 Town Watch
29:23 Husbandry
31:32 Pikeman
33:50 Squires
35:45 Scale Mail Armor
36:29 Heavy Plow
36:42 Bow Saw
36:54 Chain Mail Armor
37:09 Szlachta Privileges
37:46 Arson
42:36 Imperial Age
42:41 Chain Barding Armor
43:56 Crop Rotation
44:37 Lechitic Legacy
44:58 Winged Hussar
47:09 Conscription
47:42 Plate Mail Armor
49:16 Elite Skirmisher
52:33 Fletching
52:43 Padded Archer Armor
53:44 Blast Furnace
55:05 Cavalier
82:31 Capped Ram
84:22 Bodkin Arrow
Connection lost

Rejoining the realm…

Still unreachable

The connection could not be restored.

Session expired

The server has moved on; the page needs a fresh start.